Map: Vigía EE

Players

Microvawe - Winner!

  • Race: Protoss Protoss
  • League: Platinum
  • Spawn Location: 5:00

ttorrrr - Winner!

  • Race: Protoss Protoss
  • League: Silver
  • Spawn Location: 6:00

Miku - Winner!

  • Race: Protoss Protoss
  • League: Diamond
  • Spawn Location: 5:00

MrFercho

  • Race: Zerg Zerg
  • League: Gold
  • Spawn Location: 9:00

TATORREA

  • Race: Protoss Protoss
  • League: Gold
  • Spawn Location: 9:00

tigro

  • Race: Terran Terran
  • League: Bronze
  • Spawn Location: 12:00

VOD

Have the link to the VOD?

Description

Time

  • Played on: Aug. 16, 2020, 10:55 p.m.
  • Length: 13:15
Show
View Real Time Build Order
Export as new Build Order

Microvawe Protoss - Winner!

Build Orders: Blink Stalkers 

Get SALT Encoding   

  12  0:15  Assimilator  
  12  0:19  Pylon  
  12  0:22  Probe (Chrono Boost)  
  13  0:32  Probe (Chrono Boost)  
  14  0:37  Probe (Chrono Boost)  
  15  0:46  Gateway  
  15  0:49  Probe  
  16  1:11  Probe  
  17  1:23  Forge  
  17  1:24  Probe  
  18  1:34  Cybernetics Core  
  18  2:00  Nexus  
  18  2:04  Probe  
  18  2:06  Assimilator  
  19  2:14  Twilight Council  
  19  2:25  Pylon  
  19  2:33  Warp Gate (Chrono Boost)  
  19  2:41  Blink (Chrono Boost)  
  19  2:48  Stalker  
  21  3:05  Gateway  
  21  3:13  Probe (Chrono Boost)  
  21  3:18  Stalker  
  24  3:23  Probe (Chrono Boost)  
  25  3:27  Probe (Chrono Boost)  
  26  3:36  Probe  
  26  3:39  Probe  
  28  3:51  Probe  
  29  3:59  Gateway  
  29  4:01  Gateway  
  29  4:03  Probe  
  29  4:08  Stalker x2  
  34  4:16  Probe  
  35  4:17  Pylon  
  35  4:25  Protoss Ground Weapons Level 1  
  35  4:33  Stalker  
  35  4:36  Stalker  
  39  4:45  Pylon  
  39  4:47  Pylon  
  39  5:00  Stalker x2  
  39  5:01  Stalker  
  45  5:07  Stalker  
  46  5:34  Probe (Chrono Boost)  
  48  5:37  Probe (Chrono Boost)  
  48  5:40  Stalker x3  
  55  5:43  Probe (Chrono Boost)  
  55  5:45  Stalker  
  55  5:48  Probe (Chrono Boost)  
  58  6:00  Probe  
  59  6:06  Stalker x2  
  59  6:07  Stalker  
  65  6:11  Stalker  
  65  6:12  Probe  
  68  6:34  Stargate  
  68  6:44  Probe (Chrono Boost)  
  68  6:46  Assimilator  
  69  6:50  Assimilator  
  69  6:53  Probe (Chrono Boost)  
  70  6:59  Nexus  
  70  7:58  Probe  
  69  8:10  Probe  
  56  9:20  Stalker x3  
  56  9:21  Stalker  
  64  9:26  Fleet Beacon  
  64  9:32  Stargate  
  44  10:38  Stalker x3  
  44  10:39  Stalker  
  44  10:41  Carrier  
  44  10:42  Carrier  
  64  11:16  Probe (Chrono Boost)  
  65  11:21  Stalker  
  65  11:22  Stalker x3  
  74  11:26  Probe (Chrono Boost)  
  74  11:31  Probe (Chrono Boost)  
  75  11:42  Probe  
  75  11:46  Stalker, Carrier  
  84  12:02  Pylon  
  84  12:04  Pylon  
  84  12:06  Pylon  
  84  12:08  Pylon  
  84  12:10  Pylon  
  84  12:13  Pylon  
  90  12:35  Assimilator  
  90  12:36  Assimilator  
  90  12:43  Stalker  
  90  12:44  Stalker x3  
  104  13:08  Robotics Facility  
Show
View Real Time Build Order
Export as new Build Order

ttorrrr Protoss - Winner!

Build Orders:  

Get SALT Encoding   

  12  0:10  Probe  
  13  0:15  Pylon  
  13  0:47  Pylon  
  13  0:58  Forge  
  12  1:35  Probe  
  13  1:47  Probe  
  13  1:51  Pylon  
  13  1:54  Pylon  
  14  1:59  Probe  
  15  2:03  Pylon  
  15  2:05  Pylon  
  15  2:11  Probe  
  16  2:17  Photon Cannon  
  16  2:21  Photon Cannon  
  16  2:26  Photon Cannon  
  16  2:50  Gateway  
  16  2:51  Probe  
  17  2:52  Gateway  
  17  2:54  Gateway  
  17  2:56  Assimilator  
  17  3:29  Probe (Chrono Boost)  
  18  3:39  Probe (Chrono Boost)  
  19  3:44  Probe (Chrono Boost), Nexus  
  20  3:57  Assimilator  
  20  4:22  Probe (Chrono Boost)  
  22  4:32  Probe (Chrono Boost), Cybernetics Core  
  22  4:37  Probe (Chrono Boost)  
  23  4:50  Nexus  
  23  4:56  Probe (Chrono Boost)  
  24  5:03  Probe (Chrono Boost)  
  26  5:07  Probe (Chrono Boost)  
  26  5:08  Warp Gate  
  26  5:11  Probe (Chrono Boost)  
  26  5:13  Probe (Chrono Boost)  
  28  5:16  Probe (Chrono Boost)  
  29  5:22  Probe (Chrono Boost)  
  31  5:32  Probe (Chrono Boost)  
  31  5:34  Probe (Chrono Boost)  
  32  5:40  Probe (Chrono Boost)  
  34  5:43  Probe (Chrono Boost)  
  34  5:46  Probe (Chrono Boost)  
  34  5:49  Probe (Chrono Boost)  
  36  5:50  Protoss Ground Weapons Level 1  
  36  5:54  Probe  
  37  6:01  Probe  
  38  6:08  Probe (Chrono Boost)  
  38  6:10  Pylon  
  39  6:12  Probe (Chrono Boost)  
  39  6:13  Pylon  
  40  6:20  Assimilator  
  40  6:22  Probe (Chrono Boost)  
  40  6:24  Assimilator, Probe (Chrono Boost)  
  42  6:27  Probe (Chrono Boost)  
  43  6:38  Probe  
  44  6:40  Robotics Facility  
  44  6:43  Stargate  
  44  6:45  Stargate  
  44  6:47  Stargate  
  44  6:49  Probe (Chrono Boost)  
  47  6:55  Probe (Chrono Boost)  
  47  6:59  Probe (Chrono Boost)  
  47  7:00  Probe (Chrono Boost)  
  48  7:03  Probe (Chrono Boost)  
  51  7:09  Probe (Chrono Boost)  
  51  7:10  Probe x2 (Chrono Boost)  
  52  7:17  Probe (Chrono Boost)  
  53  7:29  Probe (Chrono Boost)  
  54  7:34  Probe (Chrono Boost)  
  55  7:43  Probe  
  56  7:54  Void Ray x2 (Chrono Boost)  
  56  7:55  Probe  
  56  7:56  Void Ray (Chrono Boost)  
  69  8:01  Zealot x3  
  75  8:11  Twilight Council  
  75  8:26  Assimilator  
  75  8:27  Assimilator  
  75  8:34  Void Ray x2 (Chrono Boost)  
  75  8:38  Zealot x3  
  89  8:58  Charge  
  89  9:38  Void Ray x3  
  101  9:53  Pylon  
  101  9:55  Pylon  
  101  9:57  Pylon  
  101  9:59  Pylon  
  101  10:00  Pylon  
  101  10:21  Void Ray x3  
  113  10:57  Zealot  
  113  10:58  Zealot x2  
  87  12:10  Robotics Bay  
  87  12:26  Robotics Facility  
  87  12:29  Robotics Facility  
  87  12:35  Zealot x3  
  105  13:03  Zealot x3  
Show
View Real Time Build Order
Export as new Build Order

Miku Protoss - Winner!

Build Orders: Oracle Opening, Carriers 

Get SALT Encoding   

  12  0:01  Probe (Chrono Boost)  
  13  0:10  Probe (Chrono Boost)  
  14  0:20  Pylon  
  14  0:23  Probe  
  15  0:38  Probe  
  15  0:40  Gateway  
  16  0:46  Assimilator  
  16  0:50  Probe  
  17  1:02  Probe  
  18  1:10  Pylon  
  18  1:14  Probe (Chrono Boost)  
  19  1:24  Probe (Chrono Boost)  
  20  1:29  Probe (Chrono Boost)  
  20  1:30  Cybernetics Core  
  21  1:37  Assimilator  
  21  1:40  Probe  
  22  1:48  Zealot  
  22  1:53  Probe  
  25  2:07  Pylon  
  25  2:08  Stargate  
  25  2:09  Probe  
  25  2:14  Zealot (Chrono Boost)  
  28  2:33  Probe  
  28  2:35  Zealot  
  31  2:45  Pylon  
  31  2:48  Probe  
  32  2:56  Oracle (Chrono Boost)  
  32  2:58  Pylon  
  35  3:03  Zealot  
  37  3:23  Nexus  
  37  3:26  Probe  
  38  3:34  Oracle  
  38  3:40  Probe  
  42  3:54  Probe  
  43  4:05  Twilight Council  
  43  4:06  Pylon, Probe  
  44  4:17  Oracle (Chrono Boost)  
  44  4:18  Probe  
  48  4:30  Probe  
  49  4:42  Probe  
  49  4:44  Probe  
  51  4:54  Probe  
  51  4:56  Probe  
  51  4:57  Oracle  
  51  4:59  Protoss Air Weapons Level 1 (Chrono Boost)  
  56  5:01  Assimilator  
  56  5:03  Assimilator  
  56  5:07  Probe  
  57  5:08  Probe  
  58  5:16  Stargate  
  58  5:19  Probe  
  58  5:20  Probe  
  60  5:31  Probe  
  60  5:32  Probe  
  62  5:43  Probe  
  62  5:44  Probe  
  62  5:47  Charge (Chrono Boost)  
  61  5:55  Probe  
  61  5:56  Probe  
  63  6:07  Probe, Nexus  
  63  6:08  Probe  
  63  6:10  Void Ray (Chrono Boost)  
  69  6:14  Pylon  
  69  6:15  Pylon  
  69  6:19  Probe  
  69  6:20  Probe  
  69  6:23  Fleet Beacon  
  71  6:30  Cybernetics Core  
  71  6:31  Probe  
  72  6:33  Probe  
  72  6:36  Void Ray (Chrono Boost)  
  77  6:43  Probe  
  77  6:45  Probe  
  79  6:55  Probe  
  78  7:08  Probe x2  
  78  7:09  Void Ray (Chrono Boost)  
  78  7:13  Unknown  
  83  7:25  Void Ray  
  87  7:30  Probe, Stargate  
  87  7:31  Probe  
  87  7:32  Stargate  
  87  7:35  Assimilator  
  89  7:42  Probe  
  89  7:43  Probe  
  91  7:55  Probe  
  91  7:56  Probe  
  93  8:04  Stargate  
  93  8:05  Pylon  
  93  8:06  Pylon  
  93  8:07  Pylon, Probe  
  93  8:08  Pylon  
  93  8:11  Stargate  
  94  8:14  Probe  
  94  8:19  Probe  
  96  8:26  Assimilator, Probe  
  89  8:31  Probe  
  90  8:34  Carrier  
  90  8:38  Probe  
  95  8:43  Probe, Nexus  
  94  8:49  Assimilator  
  94  8:50  Probe  
  94  8:54  Assimilator, Carrier  
  94  8:55  Probe  
  96  9:02  Probe  
  89  9:07  Probe  
  90  9:12  Nexus  
  90  9:14  Probe  
  91  9:19  Pylon, Probe  
  98  9:31  Carrier (Chrono Boost)  
  98  9:33  Carrier x2 (Chrono Boost)  
  110  9:44  Pylon  
  110  9:45  Protoss Air Armor Level 1 (Chrono Boost)  
  110  9:46  Pylon  
  110  9:48  Pylon, Probe  
  111  9:56  Carrier (Chrono Boost)  
  117  10:03  Carrier (Chrono Boost)  
  123  10:10  Pylon  
  123  10:11  Pylon  
  123  10:12  Pylon  
  123  10:48  Carrier (Chrono Boost)  
  125  10:51  Assimilator  
  125  10:56  Assimilator  
  131  10:59  Carrier (Chrono Boost), Phoenix (Chrono Boost)  
  131  11:02  Carrier (Chrono Boost)  
  139  11:13  Gateway  
  139  11:15  Gateway, Carrier (Chrono Boost), Pylon  
  139  11:16  Carrier (Chrono Boost)  
  139  11:18  Pylon  
  145  11:34  Carrier  
  145  11:42  Carrier  
  151  11:47  Carrier  
Show
View Real Time Build Order
Export as new Build Order

MrFercho Zerg 

Build Orders: Pool First 

Get SALT Encoding   

  12  0:21  Spawning Pool  
  12  0:26  Drone  
  12  0:27  Drone  
  13  0:31  Drone  
  14  0:40  Overlord  
  14  1:11  Zergling x4  
  14  1:13  Queen  
  14  1:16  Zergling x2  
  19  1:23  Drone  
  20  1:37  Drone  
  21  1:57  Drone  
  22  2:02  Overlord  
  22  2:05  Hatchery  
  21  2:13  Extractor  
  21  2:14  Drone  
  21  2:18  Drone  
  22  2:28  Drone  
  22  2:29  Drone x2  
  25  2:40  Overlord  
  25  2:42  Overlord  
  26  2:51  Drone  
  26  2:56  Queen  
  28  3:19  Drone  
  29  3:20  Drone x3  
  29  3:23  Metabolic Boost  
  32  3:28  Drone x3  
  32  3:29  Drone  
  32  3:30  Drone  
  37  3:39  Drone  
  38  3:44  Spore Crawler  
  38  3:46  Spore Crawler  
  36  3:51  Lair  
  36  3:53  Drone x3  
  39  4:05  Drone  
  39  4:06  Drone x3  
  43  4:53  Drone  
  43  4:54  Spore Crawler  
  43  4:56  Extractor  
  43  4:57  Extractor, Drone x8  
  49  5:03  Overseer  
  49  5:04  Overseer  
  49  5:05  Overlord x3  
  49  5:06  Overlord  
  49  5:21  Hatchery  
  48  5:40  Drone x3  
  50  6:05  Hatchery  
  50  6:08  Hydralisk Den  
  50  6:09  Evolution Chamber  
  47  6:12  Evolution Chamber  
  47  6:14  Drone  
  47  6:15  Drone x4, Spire  
  47  6:17  Overlord  
  50  6:27  Extractor  
  49  6:51  Muscular Augments  
  49  6:52  Drone x4  
  49  6:53  Drone x5  
  58  7:07  Hydralisk x6  
  70  7:10  Zergling x6  
  70  7:24  Overlord x2  
  70  7:29  Spine Crawler  
  69  7:30  Spine Crawler x2  
  69  7:31  Spore Crawler  
  69  7:33  Spine Crawler  
  69  7:36  Hydralisk x4  
  67  7:39  Zergling x12  
  79  7:49  Hydralisk x3  
  72  8:00  Hydralisk  
  72  8:02  Grooved Spines  
  71  8:14  Hydralisk  
  71  8:15  Hydralisk x7  
  81  8:25  Hydralisk x3  
  81  8:26  Hydralisk  
  82  8:31  Hydralisk x2  
  77  8:37  Hydralisk  
  77  8:40  Hydralisk  
  72  8:52  Hydralisk x3  
  72  8:58  Hydralisk x3  
  76  9:14  Hydralisk x3  
  82  9:19  Hydralisk x2  
  82  9:24  Hydralisk  
  86  9:26  Hydralisk x2  
  92  9:35  Zerg Missile Weapons Level 1  
  92  9:37  Zerg Melee Weapons Level 1  
  92  9:43  Hydralisk x6  
  104  9:49  Overlord x3  
  104  9:50  Spawning Pool  
  103  10:07  Hydralisk x10  
  115  10:15  Pneumatized Carapace  
  115  10:19  Hydralisk  
  115  10:20  Hydralisk x5  
  120  10:26  Hydralisk x2  
  118  10:41  Hydralisk  
  120  10:43  Overlord x2  
  120  10:44  Overlord x4  
  118  11:23  Hydralisk  
  118  11:24  Hydralisk x13  
  146  11:29  Queen  
  148  12:02  Overlord x2  
  148  12:03  Overlord x3  
  140  12:19  Hydralisk  
  140  12:20  Hydralisk x10  
  120  12:25  Hydralisk  
  96  12:41  Hydralisk  
  96  12:42  Hydralisk x3  
Show
View Real Time Build Order
Export as new Build Order

TATORREA Protoss 

Build Orders:  

Get SALT Encoding   

  12  0:04  Probe  
  13  0:16  Probe  
  14  0:26  Pylon  
  15  0:28  Probe  
  15  0:44  Probe  
  16  0:52  Gateway  
  16  1:02  Probe (Chrono Boost)  
  17  1:13  Probe (Chrono Boost)  
  17  1:18  Probe (Chrono Boost)  
  19  1:28  Probe  
  20  1:40  Gateway, Probe  
  20  1:45  Cybernetics Core  
  21  1:52  Probe  
  22  1:57  Assimilator  
  22  2:01  Assimilator  
  22  2:03  Pylon  
  22  2:05  Probe  
  23  2:15  Pylon  
  23  2:36  Nexus  
  23  2:40  Pylon  
  23  2:55  Twilight Council  
  23  2:59  Warp Gate  
  23  3:07  Forge  
  23  3:21  Gateway  
  23  3:26  Resonating Glaives (Chrono Boost)  
  23  3:35  Adept x2  
  21  3:55  Probe  
  22  4:05  Probe  
  23  4:13  Probe  
  23  4:17  Probe  
  25  4:25  Probe  
  25  4:29  Probe  
  22  4:50  Probe  
  22  4:51  Probe  
  24  5:03  Probe  
  24  5:05  Pylon, Probe  
  7  5:37  Probe x2 (Chrono Boost)  
  9  5:47  Probe x2 (Chrono Boost)  
  11  5:52  Probe x2 (Chrono Boost)  
  11  5:55  Stalker  
  15  6:00  Stalker  
  15  6:03  Probe  
  18  6:06  Probe  
  19  6:15  Probe  
  19  6:18  Probe  
  21  6:31  Photon Cannon  
  21  6:35  Probe  
  21  6:37  Probe  
  24  6:47  Probe  
  24  6:49  Probe  
  24  6:59  Probe  
  25  7:01  Probe  
Show
View Real Time Build Order
Export as new Build Order

tigro Terran 

Build Orders:  

Get SALT Encoding   

  12  0:19  SCV  
  13  0:26  Supply Depot  
  13  0:31  SCV  
  14  0:38  Refinery  
  14  0:43  SCV  
  15  0:55  SCV  
  16  1:06  Barracks  
  16  1:11  SCV  
  17  1:22  Refinery  
  17  1:23  SCV  
  18  1:35  SCV  
  19  1:41  Supply Depot  
  19  1:47  SCV  
  19  1:53  Marine  
  21  2:00  SCV  
  22  2:11  Marine  
  23  2:26  Factory  
  23  2:29  Marine  
  24  2:37  SCV  
  25  2:46  Marine  
  25  2:49  SCV  
  27  2:52  Engineering Bay  
  27  3:02  Orbital Command  
  27  3:04  Marine  
  28  3:10  Factory Tech Lab  
  28  3:21  Command Center  
  28  3:25  Barracks Tech Lab  
  28  3:31  Terran Infantry Weapons Level 1  
  28  3:55  Siege Tank  
  31  4:24  Missile Turret  
  31  4:27  Siege Tank  
  34  4:42  Refinery  
  34  4:54  Missile Turret  
  34  4:55  SCV  
  34  4:59  Combat Shield  
  36  5:07  SCV  
  36  5:19  SCV  
  37  5:24  Missile Turret  
  37  5:25  Terran Infantry Armor Level 1  
  37  5:31  SCV  
  38  5:43  SCV  
  39  5:55  SCV  
  39  5:56  Missile Turret  
  40  5:58  Marine  
  41  6:09  Starport  
  41  6:14  SCV  
  41  6:16  Marine  
  43  6:18  Stimpack  
  43  6:21  Refinery  
  43  6:27  SCV  
  44  6:34  Marine  
  44  6:39  SCV  
  46  6:47  Barracks, Armory  
  46  6:51  SCV  
  46  6:52  Marine  
  43  7:03  SCV  
  44  7:09  Marine  
  44  7:15  SCV  
  44  7:19  Medivac, Neosteel Armor  
  45  7:27  Marine, SCV  
  47  7:34  Marine  
  48  7:45  Marine  
  48  7:46  Fusion Core  
  48  7:49  Medivac  
  51  7:52  Marine  
  52  8:03  Marine  
  48  8:09  Marine  
  48  8:21  Marine  
  49  8:27  Marine  
  50  8:38  Marine  
  51  8:45  Marine  
  52  8:59  Hi-Sec Auto Tracking  
  52  11:00  Barracks Reactor  
  52  11:03  Marine  
  53  11:21  Marine  
  54  11:39  Marine  
  55  11:56  Marine  
  55  12:00  Viking  
  58  12:14  Marine  
  59  12:30  Viking  
Tags
 
Add a new tag
Caveats
  • Supply blocks, unpowered buildings, or Contaminate may cause inaccurate times.
  • Supply counts are checked every 10 seconds.